 Dungeon Crawl Stone Soup version 0.22-a0-136-g83a10e5 (webtiles) character file.

6346 KarmaPolice the Fighter (level 10, -8/50 HPs)
             Began as a Vine Stalker Assassin on Feb 2, 2018.
             Was a Believer of Hepliaklqana.
             Killed from afar by ThereIsNoGod's ghost (23 damage)
             ... with a blast of rock fragments
             ... on level 10 of the Dungeon.
             The game lasted 00:56:18 (8543 turns).

KarmaPolice the Fighter (Vine Stalker Assassin)     Turns: 8543, Time: 00:56:19

Health: -8/50      AC:  9    Str: 16    XL:     10   Next: 96%
Magic:  0/15       EV: 11    Int: 16    God:    Hepliaklqana [**....]
Gold:   632        SH:  0    Dex: 17    Spells: 9/9 levels left

rFire    . . .     SeeInvis .   L - +4 flail "Ocuzeb" {crush, rC+ Int+5}
rCold    + . .     Gourm    .   (no shield)
rNeg     . . .     Faith    .   c - +0 robe
rPois    .         Spirit   +   C - +2 helmet
rElec    .         Reflect  .   A - +2 cloak
rCorr    .         Harm     .   (no gloves)
MR       +....                  z - +0 pair of boots
Stlth    +++.......             (no amulet)
HPRegen  0.56/turn              (no ring)
MPRegen  0.14/turn              (no ring)

@: no status effects
A: reduced essence, fangs 3, regeneration 1, magic shield, antimagic bite, no
potion heal 3, rot immunity
a: Recall Ancestor, Ancestor Identity, Renounce Religion


You were on level 10 of the Dungeon.
You worshipped Hepliaklqana.
Hepliaklqana was pleased with you.
You were not hungry.

You visited 2 branches of the dungeon, and saw 11 of its levels.

You collected 632 gold pieces.

Inventory:

Hand Weapons
 b - a +0 blowgun
 v - a +2 short sword of venom
 L - the +4 flail "Ocuzeb" (weapon) {crush, rC+ Int+5}
   (You found it on level 7 of the Dungeon)

   It inflicts extra damage upon your enemies.
   It affects your intelligence (+5).
   It protects you from cold.
 N - a +1 scimitar of flaming
 O - a +1 dagger of draining
Missiles
 e - 46 poisoned needles
 f - a curare-tipped needle
Armour
 c - a +0 robe (worn)
 y - a +0 robe of magic resistance
 z - a +0 pair of boots (worn)
 A - a +2 cloak (worn)
 C - a +2 helmet (worn)
 J - a +1 robe of fire resistance
 Q - a +2 robe of fire resistance
Jewellery
 P - an uncursed ring of positive energy {unknown}
Wands
 F - a wand of acid (9)
 I - a wand of disintegration (14)
 K - a wand of paralysis (28)
 M - a wand of clouds (6)
 T - a wand of iceblast (7)
 W - a wand of digging (3)
Scrolls
 a - 2 scrolls of enchant weapon
 d - a scroll of immolation
 h - 2 scrolls of identify
 j - 3 scrolls of random uselessness
 m - 2 scrolls of magic mapping
 n - a scroll of fog {unknown}
 q - 2 scrolls of enchant armour
 r - a scroll of teleportation
 s - 3 scrolls of amnesia
 t - a scroll of fear
 u - 4 scrolls of remove curse
 E - 2 scrolls of blinking
 H - a scroll of vulnerability {unknown}
 U - a scroll of silence {unknown}
 V - a scroll of noise {unknown}
Potions
 k - a potion of agility {unknown}
 l - 3 potions of resistance {unknown}
 o - 6 potions of lignification {unknown}
 p - 2 potions of heal wounds {unknown}
 w - 5 potions of curing
 x - a potion of magic {unknown}
 B - a potion of brilliance {unknown}
 D - a potion of ambrosia {unknown}
 G - a potion of berserk rage {unknown}
 R - a potion of might {unknown}
Books
 i - a book of Cantrips

   Spells                             Type                      Level
   a - Confusing Touch                Hexes                        1
   b - Animate Skeleton               Necromancy                   1
   c - Summon Small Mammal            Summoning                    1
   d - Apportation                    Translocation                1
Comestibles
 g - 29 rations


   Skills:
 + Level 8.3 Fighting
 - Level 7.0 Short Blades
 - Level 2.4 Maces & Flails
 - Level 4.7 Throwing
 - Level 3.1 Armour
 - Level 0.7 Dodging
 - Level 4.8 Stealth
 - Level 5.3 Invocations
 + Level 6.4 Evocations


You had 9 spell levels left.
You didn't know any spells.

Dungeon Overview and Level Annotations

Branches:
Dungeon (10/15)            Temple (1/1) D:4            Lair (0/6) D:10
    Orc: D:9-12

Altars:
Ashenzari
Cheibriados
Dithmenos
Elyvilon
Fedhas
Gozag
Hepliaklqana
Kikubaaqudgha
Makhleb
Nemelex Xobeh
Okawaru
Qazlal
Ru
Sif Muna
Uskayaw
Vehumet
Wu Jian
Zin
The Shining One

Shops:
D:7 }   D:10 =

Annotations:
D:10 ThereIsNoGod's ghost, journeyman FoEE


Innate Abilities, Weirdness & Mutations

You have razor-sharp teeth.
Your natural rate of healing is unusually fast.
When hurt, damage is shared between your health and your magic reserves.
Your bite disrupts and absorbs the magic of your enemies.
Potions cannot restore your health.
You are immune to rotting.
Your life essence is reduced to manifest your ancestor. (-10% HP)


Message History

You sock ThereIsNoGod's ghost!
You bite ThereIsNoGod's ghost, but do no damage.
ThereIsNoGod's ghost is moderately damaged.
ThereIsNoGod's ghost hits you but does no damage.
Shedsu-nefertum hits ThereIsNoGod's ghost but does no damage.
Unknown command.
You barely miss ThereIsNoGod's ghost.
You bite ThereIsNoGod's ghost, but do no damage.
ThereIsNoGod's ghost is moderately damaged.
ThereIsNoGod's ghost hits you. ThereIsNoGod's ghost burns you.
Shedsu-nefertum hits ThereIsNoGod's ghost but does no damage.
ThereIsNoGod's ghost hits you.
* * * LOW HITPOINT WARNING * * *
ThereIsNoGod's ghost burns you.
* * * LOW HITPOINT WARNING * * *
Shedsu-nefertum closely misses ThereIsNoGod's ghost.
Shedsu-nefertum hits ThereIsNoGod's ghost but does no damage.
ThereIsNoGod's ghost points at you and mumbles some strange words.
The door shatters!
The blast of rock fragments hits you!
You die...

...........###...........#
#######.#### #<......R.R.#
#)# ##########W## #.#
###..# #.# #...## #.##
#####.### #..# ###......
######.####.......W
#......@..#.#......
#.......WR'.#......
+.........###......
#.........# #.Y....
###########


You could see the friendly Shedsu-nefertum the hexer and ThereIsNoGod's ghost.

Vanquished Creatures
  Erica (D:9)
  An ugly thing (D:7)
  An elephant (D:10)
  A hippogriff (D:10)
  A wyvern (D:6)
  2 hungry ghosts (D:9)
  Duvessa (D:5)
  3 orc warriors
  A sky beast (D:9)
  6 ogres
  4 centaurs
  A big kobold (D:8)
  Dowan (D:5)
  4 scorpions
  5 wights (D:9)
  A howler monkey (D:6)
  A crimson imp (D:6)
  2 centaur zombies
  A bullfrog zombie (D:9)
  4 orc priests
  A centaur skeleton (D:9)
  5 hounds
  2 bullfrog skeletons
  A gnoll shaman (D:4)
  2 jellies
  Crazy Yiuf (D:2)
  10 orc wizards
  7 worker ants
  4 iguanas
  2 howler monkey skeletons
  5 gnolls
  8 adders
  An ooze (D:2)
  An adder zombie (D:7)
  2 adder skeletons
  4 worms
  2 dart slugs
  10 leopard geckos
  29 orcs
  3 bats
  3 giant cockroaches
  8 goblins
  13 hobgoblins
  3 jackals (D:4)
  18 kobolds
  4 quokkas
  A ball python (D:3)
  8 frilled lizards
  A jackal skeleton (D:6)
  A quokka skeleton (D:7)
  A quokka zombie (D:5)
  5 rats
208 creatures vanquished.

Vanquished Creatures (collateral kills)
  2 basilisks (D:10)
  A sky beast (D:5)
  An ogre (D:9)
  A bullfrog (D:7)
  A howler monkey (D:6)
  2 hounds
  A bullfrog skeleton (D:6)
  An orc priest (D:8)
  An iguana (D:10)
  A worker ant zombie (D:8)
  2 gnolls (D:9)
  2 adders
  6 orcs
  A giant cockroach (D:7)
  A quokka (D:9)
  A kobold (D:8)
25 creatures vanquished.

Vanquished Creatures (others)
  A hexer (D:10)
  2 ancestors
3 creatures vanquished.

Grand Total: 236 creatures vanquished

Notes
Turn   | Place    | Note
-------+----------+-------------------------------------------
     0 | D:1      | KarmaPolice the Vine Stalker Assassin began the quest for the Orb.
     0 | D:1      | Reached XP level 1. HP: 11/11 MP: 2/2
    66 | D:1      | Reached skill level 2 in Fighting
   199 | D:1      | Reached XP level 2. HP: 15/15 MP: 3/3
   759 | D:1      | Reached XP level 3. HP: 14/18 MP: 4/4
  1176 | D:1      | Gained mutation: Your natural rate of healing is unusually fast. [Vine Stalker growth]
  1176 | D:1      | Reached XP level 4. HP: 23/23 MP: 3/5
  1451 | D:2      | Found a runed door.
  1628 | D:1      | Reached skill level 3 in Fighting
  1722 | D:2      | Found a shadowy altar of Dithmenos.
  1843 | D:2      | Noticed Crazy Yiuf
  1851 | D:2      | Killed Crazy Yiuf
  1851 | D:2      | Reached XP level 5. HP: 18/28 MP: 3/6
  2209 | D:3      | Reached XP level 6. HP: 17/32 MP: 2/7
  2761 | D:4      | Reached skill level 4 in Fighting
  2779 | D:4      | Reached XP level 7. HP: 37/37 MP: 8/8
  2886 | D:4      | Found a staircase to the Ecumenical Temple.
  2896 | Temple   | Entered the Ecumenical Temple
  2927 | Temple   | Became a worshipper of Hepliaklqana the Forgotten
  3021 | D:4      | Reached skill level 1 in Invocations
  3510 | D:5      | Entered Level 5 of the Dungeon
  3517 | D:5      | Gained mutation: You have razor-sharp teeth. [Vine Stalker growth]
  3517 | D:5      | Reached XP level 8. HP: 33/37 MP: 10/10
  3546 | D:5      | Noticed Duvessa
  3547 | D:5      | Noticed Dowan
  3575 | D:5      | Killed Duvessa
  3575 | D:5      | Reached skill level 5 in Fighting
  3575 | D:5      | Reached skill level 5 in Short Blades
  3594 | D:5      | Killed Dowan
  3696 | D:5      | Found a shattered altar of Ashenzari.
  4035 | D:5      | Reached * piety under Hepliaklqana
  4356 | D:6      | Noticed a wyvern
  4370 | D:6      | Killed a wyvern
  4985 | D:7      | Noticed a cyan ugly thing
  4989 | D:7      | Killed a cyan ugly thing
  4989 | D:7      | Reached skill level 6 in Fighting
  4989 | D:7      | Reached skill level 1 in Evocations
  4989 | D:7      | Reached XP level 9. HP: 43/43 MP: 13/13
  5171 | D:7      | Reached skill level 5 in Invocations
  5333 | D:7      | Found an iron altar of Okawaru.
  5818 | D:7      | Found Zopunwu's Gadget Shoppe.
  5838 | D:7      | Got an iridescent flail
  6048 | D:8      | Reached skill level 7 in Fighting
  6062 | D:8      | Identified the +4 flail "Ocuzeb" {crush, rC+ Int+5} (You found it on level 7 of the Dungeon)
  6112 | D:8      | Reached ** piety under Hepliaklqana
  6133 | D:8      | Remembered your ancestor Shedsu-nefertum as a hexer
  6250 | D:8      | Reached skill level 1 in Maces & Flails
  6366 | D:8      | Reached XP level 10. HP: 45/49 MP: 13/15
  6787 | D:9      | Noticed Erica
  7068 | D:9      | Killed Erica
  7068 | D:9      | Reached skill level 1 in Armour
  7229 | D:9      | Reached skill level 5 in Evocations
  7658 | D:10     | Entered Level 10 of the Dungeon
  7682 | D:10     | Noticed ThereIsNoGod's ghost (journeyman FoEE)
  8113 | D:10     | Found a staircase to the Lair.
  8147 | D:10     | Found a deep blue altar of Sif Muna.
  8203 | D:10     | Reached skill level 8 in Fighting
  8241 | D:10     | Found Irymas's Jewellery Emporium.
  8319 | D:10     | Noticed an elephant
  8345 | D:10     | Killed an elephant
  8543 | D:10     | Killed from afar by ThereIsNoGod's ghost

Vault maps used:
D:1:      dpeg_arrival_radiant
D:2:      lemuel_doored_altar, first_ration, kennysheep_decorative_pillar,
          uniq_crazy_yiuf_cottage
D:4:      temple_statues
D:5:      evilmike_ruin_ashenzari, uniq_duvessa
D:6:      kennysheep_small_circle
D:7:      basic_altar, serial_shops, nicolae_shop_window_shopping,
          minmay_crystal_room
D:8:      grunt_ogre_cave, minmay_misc_feat_iff
D:9:      uniq_erica
D:10:     david_lair_generic, serial_shops, nicolae_shop_behind_doors,
          basic_altar
Temple:   grunt_wide_crystal_templ

Skill      XL: |  1  2  3  4  5  6  7  8  9 10 |
---------------+-------------------------------+-----
Throwing       | 2 3 4 |  4.7
Fighting       | 2 3 4 6 7 8 |  8.3
Short Blades   | 2 3 4 6 7 |  7.0
Invocations    | 2 4 5 |  5.3
Evocations     | 1 3 6 |  6.4
Maces & Flails | 1 2 |  2.4
Armour         | 3 |  3.1
Dodging        | |  0.7
Stealth        | |  4.8

Action                   |  1- 3 |  4- 6 |  7- 9 | 10-12 || total
-------------------------+-------+-------+-------+-------++-------
Melee: Dagger            |    51 |    10 |       |       ||    61
       Bite              |    12 |    28 |    88 |    39 ||   167
       Short sword       |       |   143 |   202 |       ||   345
       Flail             |       |       |    17 |   136 ||   153
 Fire: Blowgun           |     2 |    22 |    23 |     1 ||    48
Invok: Ancestor Life: He |       |       |     1 |       ||     1
Evoke: Wand              |       |       |       |     1 ||     1
  Use: Scroll            |       |       |     8 |     5 ||    13
 Stab: Sleeping          |     8 |     9 |    15 |     6 ||    38
       Distracted        |       |       |     3 |     5 ||     8
  Eat: Chunk             |     1 |     5 |    11 |    10 ||    27
Armor: Robe              |     5 |    37 |    47 |    65 ||   154
Dodge: Dodged            |    18 |    71 |    92 |    85 ||   266

Table legend:
 A = Spawn XP
 B = Non-spawn XP
 C = Spawn XP percentage of total XP
 D = Spawn monster count
 E = Non-spawn monster count
 F = Spawn count percentage of total count
 G = Total turns spent on level
                    A         B        C        D         E        F      G
               +---------+---------+-------+---------+---------+-------+---------
         Total |       0 |    9067 |   0.0 |       0 |     233 |   0.0 |  8543
               +---------+---------+-------+---------+---------+-------+---------
           D:1 |       0 |      67 |   0.0 |       0 |      26 |   0.0 |  1170
           D:2 |       0 |     136 |   0.0 |       0 |      24 |   0.0 |   733
           D:3 |       0 |     341 |   0.0 |       0 |      36 |   0.0 |   865
           D:4 |       0 |     630 |   0.0 |       0 |      23 |   0.0 |   701
           D:5 |       0 |     586 |   0.0 |       0 |      11 |   0.0 |   793
           D:6 |       0 |     718 |   0.0 |       0 |      13 |   0.0 |   788
           D:7 |       0 |    1697 |   0.0 |       0 |      35 |   0.0 |   879
           D:8 |       0 |     535 |   0.0 |       0 |      21 |   0.0 |   983
           D:9 |       0 |    2549 |   0.0 |       0 |      35 |   0.0 |   871
          D:10 |       0 |    1808 |   0.0 |       0 |       9 |   0.0 |   719
               +---------+---------+-------+---------+---------+-------+---------
